 Dungeon Crawl Stone Soup version 0.30-a0-34-gbe8da3892a (webtiles) character file.

Game seed: 3969853261908932978

82784 Zonian the Unseen (level 15, -1/70 HPs)
             Began as a Vine Stalker Necromancer on Aug 27, 2022.
             Was a High Priest of Kikubaaqudgha.
             Shot with a bolt by an orc knight (18 damage)
             ... on level 2 of the Orcish Mines.
             The game lasted 02:03:44 (35760 turns).

Zonian the Unseen (Vine Stalker Necromancer)       Turns: 35760, Time: 02:03:51

Health: -1/70      AC: 10    Str: 12    XL:     15   Next: 74%
Magic:  0/41       EV: 12    Int: 22    God:    Kikubaaqudgha [*****.]
Gold:   934        SH: 14    Dex: 17    Spells: 13/38 levels left

rFire   + + +      SeeInvis .    h - +3 short sword (drain)
rCold   + . .      Faith    .    H - +4 buckler of Sloth {+Inv rF+ Stlth+}
rNeg    . . .      Spirit   +    J - +3 leather armour {Will+}
rPois   +          Reflect  +    n - +2 helmet
rElec   .          Harm     .    d - scarf {rC+ rF+}
rCorr   +          Rampage  .    v - +0 pair of gloves
Will    ++...                    (no boots)
Stlth   ++++++++..               o - amulet "Qeicaihiy" {Reflect rF++ rCorr Int+3 SH+5}
HPRegen 1.01/turn                M - ring of magical power
MPRegen 0.27/turn                U - ring of poison resistance

@: studying Ranged Weapons
A: fangs 3, regeneration 1, magic shield, antimagic bite, no potion heal 2
a: Renounce Religion, Evoke Invisibility, Unearth Wretches, Torment


You were on level 2 of the Orcish Mines.
You worshipped Kikubaaqudgha.
Kikubaaqudgha was extremely pleased with you.
You visited 4 branches of the dungeon, and saw 23 of its levels.
You also visited: Bailey.

You collected 2474 gold pieces.
You spent 1540 gold pieces at shops.

Inventory:

Hand Weapons
 a - the +5 shortbow of Nightmares {freeze, Int+5}
   (You found it on level 4 of the Lair of Beasts)

   Any ammunition fired from it freezes those it strikes, dealing additional
   cold damage.
   It can also slow down cold-blooded creatures.
   Int:       It affects your intelligence (+5).
 h - a +3 short sword of draining (weapon)
 p - a +3 dagger of speed
 u - a +3 double sword
 z - the +7 war axe of Laceration {vorpal, Fragile +Blink SInv}
   (You found it on level 15 of the Dungeon)

   It inflicts extra damage upon your enemies.
   SInv:      It lets you see invisible.
   +Blink:    It lets you blink.
   Fragile:   It will be destroyed if unequipped.
 C - a +0 rapier
 F - a +0 whip of pain
 I - the +7 trident of Kindness {vorpal, Dex+2}
   (You took it off a goblin on level 8 of the Dungeon)

   It inflicts extra damage upon your enemies.
   Dex:       It affects your dexterity (+2).
 Q - a +2 dagger of venom
 V - the +4 broad axe of the Valley {spect, Str+6 SInv}
   (You found it on level 5 of the Lair of Beasts)

   When its wielder attacks, the weapon's spirit leaps out and strikes again.
   The spirit shares a part of any damage it takes with its wielder.
   Str:       It affects your strength (+6).
   SInv:      It lets you see invisible.
Missiles
 k - 26 poisoned darts
 m - 18 boomerangs
 q - 9 javelins
 G - 7 silver javelins
 L - 4 throwing nets
 O - 5 boomerangs of dispersal
 Z - 2 curare-tipped darts
Armour
 d - a scarf of resistance (worn)
 l - an orb of energy
 n - a +2 helmet (worn)
 v - a +0 pair of gloves (worn)
 H - the +4 buckler of Sloth (worn) {+Inv rF+ Stlth+}
   (You found it on level 5 of the Dungeon)

   rF:        It protects you from fire.
   +Inv:      It lets you turn invisible.
   Stlth:     It makes you more stealthy.
 J - a +3 leather armour of willpower (worn)
Jewellery
 o - the amulet "Qeicaihiy" (around neck) {Reflect rF++ rCorr Int+3 SH+5}
   (You bought it in a shop on level 10 of the Dungeon)

   [amulet of reflection]

   It reflects blocked missile attacks.
   Int:       It affects your intelligence (+3).
   rF:        It greatly protects you from fire.
   rCorr:     It protects you from acid and corrosion.
   SH:        It affects your SH (+5).
 y - a ring of willpower
 M - a ring of magical power (left hand)
 N - a ring of protection from cold
 U - a ring of poison resistance (right hand)
 W - a +6 ring of strength
Wands
 f - a wand of iceblast (14)
 B - a wand of digging (2)
 D - a wand of polymorph (22)
 E - a wand of flame (10)
 T - a wand of mindburst (7)
Scrolls
 c - a scroll of silence
 i - 3 scrolls of butterflies
 A - 5 scrolls of teleportation
 K - 6 scrolls of identify
 Y - a scroll of poison
Potions
 b - 4 potions of flight
 e - 4 potions of lignification
 g - 3 potions of haste
 j - 3 potions of might
 s - 3 potions of cancellation
 t - 2 potions of resistance
 w - 4 potions of brilliance
 x - 10 potions of curing
 R - 4 potions of ambrosia
 X - 2 potions of berserk rage


   Skills:
 - Level 4.0 Fighting
 - Level 12.0 Short Blades
 - Level 2.6 Dodging
 - Level 18.6 Stealth
 - Level 4.0 Shields
 - Level 12.2 Spellcasting
 + Level 15.9 Necromancy
 + Level 7.8 Evocations


You had 13 spell levels left.
You knew the following spells:

 Your Spells              Type           Power      Damage    Failure   Level
a - Necrotise             Necr           100%       1d9       0%          1
b - Vampiric Draining     Necr           70%        2d11      1%          3
c - Animate Dead          Necr           70%        N/A       1%          4
d - Sublimation of Blood  Necr           70%        N/A       1%          2
e - Agony                 Necr           70%        N/A       1%          5
f - Dispel Undead         Necr           70%        3d24      1%          4
g - Death Channel         Necr           35%        N/A       1%          6

Your spell library contained the following spells:

 Spells                   Type           Power      Damage    Failure   Level
 Anguish                  Hex/Necr       24%        N/A       3%          4
 Apportation              Tloc           26%        N/A       9%          1
 Magic Dart               Conj           52%        1d5       9%          1
 Summon Small Mammal      Summ           52%        N/A       9%          1
 Borgnjor's Vile Clutch   Necr/Erth      24%        N/A       9%          5
 Blink                    Tloc           26%        N/A       12%         2
 Ensorcelled Hibernation  Hex/Ice        26%        N/A       12%         2
 Wereblood                Tmut           13%        N/A       12%         2
 Call Canine Familiar     Summ           13%        N/A       24%         3
 Conjure Flame            Conj/Fire      13%        6-21      24%         3
 Dazzling Flash           Conj/Hex       26%        N/A       24%         3
 Frozen Ramparts          Ice            26%        1d4       24%         3
 Ignite Poison            Fire/Tmut/Pois 13%        N/A       24%         3
 Lesser Beckoning         Tloc           13%        N/A       24%         3
 Portal Projectile        Hex/Tloc       26%        N/A       24%         3
 Spider Form              Tmut/Pois      13%        N/A       24%         3
 Summon Guardian Golem    Hex/Summ       13%        N/A       24%         3
 Simulacrum               Ice/Necr       24%        N/A       43%         6
 Cause Fear               Hex            6%         N/A       63%         4
 Ice Form                 Ice/Tmut       13%        N/A       63%         4
 Iskenderun's Mystic Bla  Conj/Tloc      13%        2d5       63%         4
 Leda's Liquefaction      Hex/Erth       6%         N/A       63%         4
 Olgreb's Toxic Radiance  Pois           13%        N/A       63%         4
 Sticky Flame             Conj/Fire      13%        2d4       63%         4
 Summon Ice Beast         Ice/Summ       13%        N/A       63%         4
 Summon Lightning Spire   Summ/Air       13%        N/A       63%         4
 Alistair's Intoxication  Tmut/Pois      8%         N/A       92%         5
 Lee's Rapid Deconstruct  Erth           6%         3d7*      92%         5
 Lightning Bolt           Conj/Air       6%         1d18      92%         5
 Manifold Assault         Tloc           13%        N/A       92%         5
 Starburst                Conj/Fire      6%         6d4       100%        6
 Statue Form              Tmut/Erth      8%         N/A       100%        6
 Dragon Form              Tmut           6%         N/A       100%        7
 Orb of Destruction       Conj           6%         9d6       100%        7
 Ozocubu's Refrigeration  Ice            6%         4d8       100%        7
 Spellforged Servitor     Conj/Summ      6%         N/A       100%        7
 Storm Form               Tmut/Air       6%         N/A       100%        7
 Summon Hydra             Summ           6%         N/A       100%        7
 Ignition                 Fire           6%         3d4       100%        8
 Maxwell's Capacitive Co  Air            6%         ∞         100%        8
 Dragon's Call            Summ           6%         N/A       100%        9
 Fire Storm               Conj/Fire      6%         8d2       100%        9


Dungeon Overview and Level Annotations

Branches:
Dungeon (15/15)            Temple (1/1) D:7            Lair (5/5) D:8
  Swamp (0/4) Lair:3        Snake (0/4) Lair:2        Slime (0/5) Lair:5
    Orc (2/2) D:9             Elf (0/3) Orc:2        Vaults (0/5) D:14
 Depths (0/4) D:15         Bailey (visited)

Altars:
Ashenzari
Cheibriados
Dithmenos
Elyvilon
Fedhas
Gozag
Hepliaklqana
Kikubaaqudgha
Makhleb
Nemelex Xobeh
Okawaru
Qazlal
Ru
Sif Muna
Trog
Uskayaw
Vehumet
Wu Jian
Xom
Yredelemnul
Zin
The Shining One
Jiyva

Shops:
D:6 [==(   D:7 (   D:8 *(?[(   D:10 *=(=[

Portals:
Trove: D:15 (give +6 demon blade)

Annotations:
Lair:3 3 runed translucent doors, SirDiesAlot's ghost, journeyman DEFE
Lair:4 Rupert
Orc:2 2 transporters, purpskrrrp's ghost, journeyman GrMo


Innate Abilities, Weirdness & Mutations

You have razor-sharp teeth.
Your natural rate of healing is unusually fast.
When hurt, damage is shared between your health and your magic reserves.
Your bite disrupts and absorbs the magic of your enemies.
Potions cannot restore your health.


Message History

Okay, then.
Casting: Vampiric Draining (safe; 1% risk of failure)
Confirm with . or Enter, or press ? or * to list all spells.
Okay, then.
Casting: Vampiric Draining (safe; 1% risk of failure)
Confirm with . or Enter, or press ? or * to list all spells.
Aiming: Vampiric Draining (safe; 1% risk of failure)
Press: ? - help, Shift-Dir - straight line, f/p - orc knight
Aim: an orc knight, wielding a +0 great mace (heavily wounded)
You draw life force from the orc knight!
You feel life coursing into your body.
The orc warrior shoots a bolt.
You reflect the bolt off an invisible shield around you!
The bolt hits the orc warrior!
You block the orc knight's attack.
You puncture the orc knight! Your bite misses the orc knight.
The orc knight is almost dead.
The orc warrior shoots a bolt.
You reflect the bolt off an invisible shield around you!
The bolt hits the orc warrior!
You barely miss the orc knight.
The orc knight is almost dead.
The orc knight shoots a bolt.
You reflect the bolt off an invisible shield around you!
The bolt closely misses the orc knight.
The orc knight barely misses you.
You hit the orc knight. You bite the orc knight.
You kill the orc knight!
Kikubaaqudgha accepts your kill.
The orc warrior shoots a bolt.
You reflect the bolt off an invisible shield around you!
The bolt hits the orc warrior!
You kill the orc warrior!
Kikubaaqudgha accepts your kill.
The orc knight shoots a bolt.
The bolt barely misses you.
Aiming: Iceblast
Press: ? - help, Shift-Dir - straight line, f - orc knight
Aim: an orc knight, wielding a +0 arbalest (strong)
The mass of ice explodes!
The iceblast engulfs the orc knight!!
The orc knight is moderately wounded.
The orc knight shoots a bolt.
The bolt hits you!!
You die...
Kikubaaqudgha rasps: "You have failed me!
Welcome... death!"

...≈≈≈≈## ##≈≈≈≈..........
.....≈≈≈# #≈≈≈..........#. ...
......≈≈# #≈≈..........##o
..##..##...###...##..##..##.Z
.........................)...
..........................)ZZ
......................[)..)).
..............).......[[..... #
##...##......)@##......(.).#...
.##.#.##...)......#.......[[)#...
.....##....>...)......#...#[.....
......#..................#)...)#.
................#.......#.....###
#.....#....o.....##.......©...o#.
##....##.........#......#####....
#...............#.....###..T###..
<....................###....o ##.


You could see an orc knight (strong).

Vanquished Creatures
  An orc warlord (Orc:1)
  Louise (D:15)
  An ironbound preserver (D:14)
  2 hydras (Lair:5)
  Harold (D:10)
  5 centaur warriors
  5 boulder beetles
  An alligator (Lair:5)
  A catoblepas (D:13)
  2 two-headed ogres (D:10)
  2 tengu warriors (D:14)
  Urug (D:10)
  Sonja (Lair:4)
  5 skeletal warriors (D:14)
  The ghost of GloriousHammer the Nimble, a novice FeSu of Gozag (Orc:1)
  Pikel (D:4)
  5 wizards
  3 orc knights
  A necromancer (D:15)
  6 deep elf pyromancers
  2 orc sorcerers
  5 cyclopes
  2 ugly things
  2 manticores
  10 elephants
  A naga mage (D:15)
  Maurice (Orc:1)
  2 black mambas
  3 gargoyles
  A centaur skeleton (D:15)
  6 cane toads
  2 torpor snails
  Maggie (D:9)
  A yaktaur (D:15)
  2 kobold demonologists
  3 rime drakes
  An efreet (D:14)
  A tengu conjurer (D:14)
  7 komodo dragons
  9 trolls
  A hornet (D:7)
  A meliai (D:14)
  9 polar bears
  A hornet (shapeshifter) (D:14)
  16 blink frogs
  A slime creature (D:7)
  2 dream sheep (Lair:4)
  3 shadows
  A centaur simulacrum (D:14)
  4 vampires (D:12)
  A wraith (D:14)
  24 yaks
  4 wyverns
  A yak (shapeshifter) (D:14)
  A spriggan (shapeshifter) (D:15)
  2 basilisks
  4 steam dragons
  3 nagas (Lair:2)
  4 wargs
  3 acid dragons
  6 hell hounds (Lair:5)
  16 water moccasins
  36 orc warriors
  2 ice beasts (D:6)
  A black bear (shapeshifter) (D:10)
  10 black bears (Lair:5)
  6 ogres
  16 centaurs
  17 wolves
  A lemure (D:4)
  2 kobold brigands
  19 bullfrogs
  3 necrophages
  2 scorpions
  A hornet simulacrum (D:15)
  5 wights
  12 killer bees
  A vampire bat (Lair:2)
  3 howler monkeys
  10 electric eels
  4 crimson imps (D:12)
  A lava snake (Lair:3)
  3 jellies
  5 hounds
  A gnoll bouda (D:7)
  15 orc priests
  3 iguanas
  19 orc wizards
  9 gnolls
  3 adders
  4 shadow imps (D:7)
  4 white imps
  An ufetubus (D:5)
  2 worms (D:2)
  4 dart slugs
  73 orcs
  13 bats
  6 endoplasms
  3 giant cockroaches
  13 goblins
  10 hobgoblins
  4 jackals (D:3)
  4 quokkas
  3 ball pythons
  7 frilled lizards
  17 kobolds
  An orc zombie (Orc:2)
  3 rats
  2 rat zombies (D:7)
  A butterfly (D:7)
601 creatures vanquished.

Vanquished Creatures (collateral kills)
  A fire dragon (Lair:5)
  A hydra (Lair:3)
  A catoblepas (Lair:5)
  2 centaur warriors
  A two-headed ogre (D:12)
  An orc high priest (Orc:2)
  A swamp dragon (Lair:5)
  A bog body (Lair:3)
  2 cyclopes
  An orc sorcerer (Orc:2)
  2 elephants
  A black mamba (Lair:5)
  4 cane toads
  A rime drake (Lair:5)
  A centaur skeleton (D:15)
  A rime drake (shapeshifter) (D:14)
  A komodo dragon (Lair:5)
  A tengu conjurer (D:14)
  A troll (Orc:2)
  2 polar bears (Lair:5)
  5 blink frogs (Lair:5)
  7 yaks
  A vampire (D:11)
  2 basilisks (Lair:5)
  3 wargs (Lair:5)
  2 nagas (Lair:2)
  5 water moccasins
  9 hell hounds (Lair:5)
  A swamp drake (Lair:5)
  6 orc warriors
  A black bear (Lair:5)
  2 ogres (Orc:2)
  A centaur (Orc:2)
  A killer bee (D:10)
  3 crimson imps (D:12)
  3 orc priests
  2 iguanas (Lair:5)
  3 orc wizards (Orc:2)
  A shadow imp (D:12)
  A white imp (D:12)
  14 orcs
  An endoplasm (D:2)
  2 hobgoblins
  A bat (D:2)
  A frilled lizard (D:2)
  A rat (D:1)
  A fungus (Lair:5)
107 creatures vanquished.

Vanquished Creatures (others)
  A hydra (D:12)
  A deep elf knight (D:15)
  A fire crab (shapeshifter) (D:12)
  2 orc knights
  A deep elf zephyrmancer (D:14)
  An orc sorcerer (Orc:2)
  A manticore (D:14)
  5 centaur zombies
  A cane toad (Lair:4)
  A komodo dragon (Lair:3)
  A troll (Orc:2)
  A human zombie (D:14)
  A manticore zombie (D:14)
  An elf zombie (D:14)
  A wolf (Lair:3)
  2 komodo dragon zombies
  3 rime drake zombies
  A yaktaur zombie (D:15)
  A cyclops zombie (D:14)
  A bullfrog (Lair:3)
  A water moccasin zombie (Lair:5)
  4 hell hound zombies (Lair:5)
  3 warg zombies
  5 yak zombies
  A troll zombie (Orc:2)
  4 polar bear zombies (Lair:5)
  3 wolf zombies
  A black bear zombie (Lair:5)
  A bullfrog zombie (D:13)
  4 killer bee zombies
  An acid dragon zombie (Lair:5)
  2 naga zombies (Lair:2)
  4 ogre zombies (Orc:2)
  An orc (D:12)
  54 orc zombies
  A rat (D:15)
  A rat zombie (D:15)
  13 fungi
  65 plants
197 creatures vanquished.

Grand Total: 905 creatures vanquished

Notes
Turn   | Place    | Note
-------+----------+-------------------------------------------
     0 | D:1      | Zonian the Vine Stalker Necromancer began the quest for the
                  | Orb.
     0 | D:1      | Reached XP level 1. HP: 9/9 MP: 4/4
   178 | D:1      | Reached XP level 2. HP: 12/13 MP: 1/6
   325 | D:1      | Found a faded altar of an unknown god.
   376 | D:1      | Reached skill level 3 in Stealth
   582 | D:1      | Reached XP level 3. HP: 16/16 MP: 7/7
  1297 | D:2      | Gained mutation: Your natural rate of healing is unusually
                  | fast. [Vine Stalker growth]
  1297 | D:2      | Reached XP level 4. HP: 1/21 MP: 4/9
  2494 | D:2      | Found a shimmering altar of Xom.
  2635 | D:3      | Found a basalt altar of Yredelemnul.
  3231 | D:3      | Reached XP level 5. HP: 24/24 MP: 10/10
  3421 | D:3      | Reached skill level 4 in Stealth
  4418 | D:4      | Learned a level 3 spell: Vampiric Draining
  4993 | D:5      | Entered Level 5 of the Dungeon
  5027 | D:5      | Reached XP level 6. HP: 28/28 MP: 6/12
  5048 | D:4      | Reached skill level 5 in Necromancy
  6111 | D:5      | Identified the +4 buckler of Sloth {+Inv rF+ Stlth+}
  6219 | D:5      | Found a broken altar of Ashenzari.
  6483 | D:5      | Noticed Pikel
  6691 | D:5      | Reached skill level 1 in Short Blades
  6691 | D:5      | Reached skill level 1 in Shields
  6691 | D:5      | Reached XP level 7. HP: 32/32 MP: 12/14
  6717 | D:5      | HP: 1/32 [lemure[Pikel] (4)]
  6858 | D:4      | Killed Pikel
  6859 | D:4      | Reached skill level 5 in Spellcasting
  6859 | D:4      | Gained mutation: You have razor-sharp teeth. [Vine Stalker
                  | growth]
  6859 | D:4      | Reached XP level 8. HP: 14/36 MP: 0/16
  7641 | D:6      | Found Variemoo's Armour Boutique.
  7841 | D:6      | Found Bofruv's Jewellery Boutique.
  7866 | D:6      | Found Socyck's Jewellery Boutique.
  8140 | D:6      | Found Ogyr's Antique Weapon Emporium.
  9223 | D:7      | You fall into a shaft and drop 3 floors!
  9223 | D:10     | Entered Level 10 of the Dungeon
  9354 | D:8      | Reached XP level 9. HP: 39/39 MP: 19/19
  9374 | D:8      | Found a flagged portal.
  9444 | D:8      | Identified the +7 trident of Kindness {vorpal, Dex+2}
  9465 | D:8      | Found Galurph's Antique Armour Boutique.
  9468 | D:8      | Bought a dyed leather armour for 140 gold pieces
  9501 | Bailey   | Entered a bailey
  9525 | Bailey   | Learned a level 4 spell: Animate Dead
  9773 | D:8      | Found Zeyzod's Antique Weapon Emporium.
  9855 | D:7      | Noticed a hornet
  9877 | D:7      | Killed a hornet
  9878 | D:7      | Reached skill level 5 in Short Blades
 10486 | D:7      | Found a staircase to the Ecumenical Temple.
 10502 | Temple   | Entered the Ecumenical Temple
 10701 | D:7      | Got Legosh's Parchment of the Kinetic Squall
 10901 | D:7      | Reached XP level 10. HP: 44/44 MP: 22/22
 11017 | D:7      | Noticed a gargoyle
 11020 | D:7      | Noticed a deep elf pyromancer
 11022 | D:7      | Found Doxoneul's Weapon Boutique.
 11143 | D:7      | Noticed a kobold demonologist
 11288 | D:7      | Killed a kobold demonologist
 11536 | D:7      | Noticed a cyclops
 11553 | D:7      | Killed a cyclops
 11810 | D:7      | Killed a deep elf pyromancer
 11811 | D:7      | Noticed a green ugly thing
 11830 | D:7      | Killed a green ugly thing
 12664 | D:7      | Found an ancient bone altar of Kikubaaqudgha.
 12818 | D:7      | Became a worshipper of Kikubaaqudgha
 13179 | D:8      | Found Gyshe's General Store.
 13198 | D:8      | Found a snail-covered altar of Cheibriados.
 13255 | D:8      | Reached skill level 5 in Stealth
 13359 | D:8      | Found a staircase to the Lair.
 13460 | D:8      | Found a sacrificial altar of Ru.
 13483 | D:8      | Found Ytooraegubi's Magic Scroll Shop.
 13517 | D:8      | Found Wuuhe's Antique Weapon Shoppe.
 13864 | D:8      | Reached XP level 11. HP: 47/47 MP: 25/25
 13926 | D:8      | Reached skill level 6 in Stealth
 13926 | D:8      | Reached skill level 10 in Necromancy
 14479 | D:9      | Found an iron altar of Okawaru.
 14480 | D:9      | Found a burning altar of Makhleb.
 14482 | D:9      | Found a sparkling altar of Nemelex Xobeh.
 14806 | D:9      | Noticed a wizard
 14834 | D:9      | Killed a wizard
 14835 | D:9      | Reached skill level 7 in Stealth
 15365 | D:9      | Learned a level 2 spell: Sublimation of Blood
 15371 | D:9      | Learned a level 5 spell: Agony
 15603 | D:9      | HP: 1/47 [something (2)]
 15852 | D:9      | Noticed Maggie
 15856 | D:9      | Killed Maggie
 16268 | D:9      | Found a staircase to the Orcish Mines.
 16369 | Lair:1   | Entered Level 1 of the Lair of Beasts
 16386 | Lair:1   | Reached skill level 8 in Stealth
 16390 | Lair:1   | Reached * piety under Kikubaaqudgha
 16390 | Lair:1   | Received a gift from Kikubaaqudgha
 16694 | Lair:1   | Reached skill level 9 in Stealth
 16719 | Lair:1   | Reached skill level 10 in Spellcasting
 17385 | Lair:1   | Upgraded the game from 0.30-a0-29-g142975f185 to
                  | 0.30-a0-34-gbe8da3892a
 17576 | D:6      | Bought a ring of poison resistance for 220 gold pieces
 17774 | Lair:2   | Reached skill level 10 in Stealth
 18311 | Lair:2   | Reached XP level 12. HP: 43/51 MP: 27/27
 18324 | Lair:2   | Reached ** piety under Kikubaaqudgha
 18469 | Lair:2   | Found a staircase to the Snake Pit.
 18875 | Lair:3   | Noticed a seven-headed hydra
 18885 | Lair:3   | Killed a seven-headed hydra
 18886 | Lair:3   | Reached skill level 11 in Stealth
 19462 | Lair:3   | Found a staircase to the Swamp.
 19465 | Lair:3   | Found a runed translucent gate.
 19466 | Lair:3   | Found a runed translucent gate.
 19668 | Lair:3   | Found a runed translucent gate.
 19671 | Lair:3   | Noticed SirDiesAlot's ghost (journeyman DEFE)
 19674 | Lair:3   | Found a viscous altar of Jiyva.
 19932 | Lair:3   | Reached skill level 12 in Stealth
 20585 | Lair:4   | Noticed Sonja
 20610 | Lair:4   | Killed Sonja
 20624 | Lair:4   | Reached skill level 13 in Stealth
 20693 | Lair:4   | Identified the +5 shortbow of Nightmares {freeze, Int+5}
 20858 | Lair:4   | Noticed Rupert
 21714 | Lair:4   | Reached skill level 10 in Short Blades
 21714 | Lair:4   | Reached skill level 14 in Stealth
 21742 | Lair:4   | Reached XP level 13. HP: 53/55 MP: 26/29
 22086 | Lair:5   | Entered Level 5 of the Lair of Beasts
 22419 | Lair:5   | Reached skill level 15 in Stealth
 22801 | Lair:5   | Found a staircase to the Slime Pits.
 22815 | Lair:5   | Found a viscous altar of Jiyva.
 23290 | Lair:5   | Reached *** piety under Kikubaaqudgha
 23290 | Lair:5   | Received a gift from Kikubaaqudgha
 23302 | Lair:5   | Learned a level 4 spell: Dispel Undead
 23323 | Lair:5   | Learned a level 6 spell: Death Channel
 23571 | Lair:5   | Reached skill level 16 in Stealth
 24562 | Lair:5   | Noticed a fire dragon
 24850 | Lair:5   | Reached skill level 17 in Stealth
 24895 | Lair:5   | Reached **** piety under Kikubaaqudgha
 24948 | Lair:5   | Reached XP level 14. HP: 41/59 MP: 24/31
 25488 | Lair:5   | Reached skill level 18 in Stealth
 25773 | Lair:5   | Identified the +4 broad axe of the Valley {spect, Str+6
                  | SInv}
 26148 | D:10     | Found Obihudiu's Jewellery Boutique.
 26227 | D:10     | Found Kaub Zit's Armour Emporium.
 26232 | D:10     | Bought a scarf of resistance for 384 gold pieces
 26643 | D:10     | Noticed Urug
 26684 | D:10     | Killed Urug
 26764 | D:10     | Noticed Harold
 26767 | D:10     | Reached skill level 1 in Evocations
 26770 | D:10     | Killed Harold
 27092 | D:10     | Found Fosetis's Weapon Shoppe.
 27163 | D:10     | Found Leysia's Jewellery Boutique.
 27203 | D:10     | Found Duoxkugis's Assorted Antiques.
 27850 | D:11     | Found a sparkling altar of Nemelex Xobeh.
 28463 | D:12     | Reached skill level 1 in Fighting
 28888 | D:10     | Bought the amulet "Qeicaihiy" {Reflect rF++ rCorr Int+3
                  | SH+5} for 796 gold pieces
 29361 | D:13     | Got the Exposition on Combat Magic and Accompaniment
 30330 | D:14     | Found a stormy altar of Qazlal.
 30576 | D:14     | Found a gate to the Vaults.
 30576 | D:14     | Noticed an ironbound preserver
 30599 | D:14     | Killed an ironbound preserver
 30910 | D:14     | Reached XP level 15. HP: 17/70 MP: 32/32
 31244 | D:14     | Reached skill level 5 in Evocations
 32254 | D:15     | Entered Level 15 of the Dungeon
 32273 | D:15     | Reached skill level 15 in Necromancy
 32284 | D:15     | Identified the +7 war axe of Laceration {vorpal, Fragile
                  | +Blink SInv}
 32335 | D:15     | Paralysed by a hornet for 1 turns
 32590 | D:15     | Noticed Louise
 32791 | D:15     | Killed Louise
 32899 | D:15     | Found a staircase to the Depths.
 33150 | D:15     | Found a portal to a secret trove of treasure.
 33334 | Orc:1    | Entered Level 1 of the Orcish Mines
 33334 | Orc:1    | Noticed Maurice
 33335 | Orc:1    | Killed Maurice
 33382 | Orc:1    | Noticed an orc warlord
 33911 | Orc:1    | Found a runed translucent door.
 33912 | Orc:1    | Noticed GloriousHammer's ghost (novice FeSu)
 34153 | Orc:1    | Killed an orc warlord
 34352 | Orc:1    | Killed GloriousHammer's ghost
 34414 | Orc:2    | Entered Level 2 of the Orcish Mines
 34849 | Orc:2    | Found a staircase to the Elven Halls.
 34879 | Orc:2    | Noticed purpskrrrp's ghost (journeyman GrMo)
 34881 | Orc:2    | Found a transporter.
 34884 | Orc:2    | Found a bloodstained altar of Trog.
 34898 | Orc:2    | Found a transporter.
 34978 | Orc:2    | Reached ***** piety under Kikubaaqudgha
 34983 | Orc:2    | Noticed an orc warlord
 35760 | Orc:2    | Shot with a bolt by an orc knight

Illustrated notes

Levels and vault maps discovered:
D:1:      dpeg_arrival_simpleton_a, layout_loops_ring,
          ebering_ecumenical_altar_abandoned
D:2:      layout_rooms, basic_altar, minmay_pentomino_t4
D:3:      layout_basic, yredelemnul_altar_generic
D:4:      layout_rooms
D:5:      layout_cave_pools, nicolae_ashenzari_panopticon, uniq_pikel
D:6:      layout_loops_ring, serial_shops, nicolae_shop_trees, shop,
          nicolae_diamond_shop, nicolae_shop_hallway_plus
D:7:      nzn_winding_woodlands_medium [nzn_winding_woodlands_5x5_default,
          nzn_winding_woodlands_5x15_split_checker,
          nzn_winding_woodlands_5x5_cross,
          nzn_winding_woodlands_5x5_closed_star,
          nzn_winding_woodlands_center_pierced_h,
          nzn_winding_woodlands_hourglass, nzn_winding_woodlands_5x5_open_star,
          nzn_winding_woodlands_5x15_concentric,
          nzn_winding_woodlands_5x5_checkerboard], layout_basic,
          lemuel_zombie_altar_kikubaaqudgha, minmay_temple_entry_butterflies,
          serial_shops, nicolae_shop_waterfront, minmay_manual_mess
D:8:      layout_cave_pools, nicolae_ru_the_path_less_chosen,
          mainiacjoe_overflow_alcove_1, lair_entry_dummy, enter_bailey_5,
          serial_shops, kennysheep_mini, shop_statue, nicolae_shop_crystal,
          shop, kennysheep_mini_moat
D:9:      cheibrodos_two_vegetables, layout_gridville,
          grunt_temple_overflow_open, david_orc_4, serial_bayou_lagoon_b,
          uniq_maggie
D:10:     layout_loops_corners, serial_shops, shop, shop_statue,
          nicolae_shop_trees, nicolae_shop_hallway_plus,
          nicolae_shop_bloodbath_and_beyond, uniq_harold, uniq_urug
D:11:     layout_roguey, nemelex_spade_bored_becter
D:12:     layout_gridville, minmay_nine_imps
D:13:     layout_cave_pods
D:14:     layout_grid_maze, skrybe_vaults_entry_preservation,
          nicolae_qazlal_style_of_elements, special_room [special_room_orc]
D:15:     grunt_enter_depths_magical_seal, layout_basic,
          nicolae_trove_entry_diagonal, chequers_serial_rivers_micro_d,
          uniq_louise
Temple:   nicolae_temple_superstar
Lair:1:   layout_roguey, beast_lair_carwin_10
Lair:2:   layout_roguey, minmay_snake_entry_guardpost_medium, roderic_batcave
Lair:3:   layout_gridlike, skrybe_swamp_entry_bodies, gammafunk_ghost_ooze
Lair:4:   layout_long_grid, beast_lair_carwin_1, uniq_sonja, uniq_rupert
Lair:5:   hangedman_lair_caniforms_friends, layout_hall_layers,
          guppyfry_lair_end_dragon, dpeg_slime_entry_corner
Orc:1:    layout_caves, gammafunk_ghost_grave, uniq_maurice
Orc:2:    st_orc_rangers, layout_caves, gammafunk_ghost_wrathful_warriors

Skill      XL: |  1  2  3  4  5  6  7  8  9 10 11 12 13 14 15 |
---------------+----------------------------------------------+-----
Stealth        | 3 4 5 10 14 17 18 | 18.6
Dodging        | 2 |  2.6
Spellcasting   | 3 4 5 6 7 9 10 11 12 | 12.2
Necromancy     | 5 6 7 8 9 10 12 13 14 15 | 15.9
Short Blades   | 1 2 4 5 7 8 10 11 12 | 12.0
Shields        | 1 2 4 |  4.0
Evocations     | 4 7 |  7.8
Fighting       | 3 4 |  4.0

Action                   |  1- 3 |  4- 6 |  7- 9 | 10-12 | 13-15 || total
-------------------------+-------+-------+-------+-------+-------++-------
Melee: Staff             |     4 |       |       |       |       ||     4
       Bite              |     7 |    48 |    94 |   394 |   631 ||  1174
       Unarmed           |     1 |       |       |       |       ||     1
       Rapier            |    30 |       |       |       |       ||    30
       Dagger            |     6 |   142 |   302 |   671 |       ||  1121
       Punch             |       |     2 |       |       |       ||     2
       Short sword       |       |       |       |   255 |  1574 ||  1829
       Broad axe         |       |       |       |       |     1 ||     1
Throw: Dart              |       |       |     1 |     2 |     2 ||     5
       Boomerang         |       |       |       |     2 |       ||     2
       Javelin           |       |       |       |       |     1 ||     1
 Cast: Necrotise         |    32 |    85 |    93 |    81 |     4 ||   295
       Animate Dead      |       |       |       |    20 |    20 ||    40
       Vampiric Draining |       |       |       |    16 |    40 ||    56
       Agony             |       |       |       |       |     4 ||     4
       Dispel Undead     |       |       |       |       |    15 ||    15
Invok: Unearth Wretches  |       |       |       |     3 |     9 ||    12
Evoke: Wand              |       |     2 |    10 |    24 |    19 ||    55
  Use: Potion            |     3 |       |     2 |       |     4 ||     9
       Scroll            |       |    20 |     2 |     5 |    11 ||    38
 Stab: Sleeping          |     2 |     6 |     3 |    19 |    52 ||    82
       Distracted        |       |       |       |     4 |    24 ||    28
       Paralysed         |       |       |       |     3 |    17 ||    20
       Invisible         |       |       |       |     1 |     1 ||     2
Armor: Robe              |    16 |    27 |    15 |       |       ||    58
       Leather armour    |       |       |    24 |   121 |   216 ||   361
       Skin              |       |       |    15 |       |       ||    15
Dodge: Dodged            |    63 |   107 |   135 |   339 |   492 ||  1136
Block: Buckler           |       |    11 |   127 |   320 |   649 ||  1107
       Reflection        |       |       |       |       |    49 ||    49

Table legend: (Time is in decaauts)
 A = Elapsed time spent in this place.
 B = Non-inter-level travel time spent in this place.
 C = Inter-level travel time spent in this place.
 D = Time resting spent in this place.
 E = Time spent auto-exploring this place.
 F = Levels seen in this place.
 G = Mean time per level.
                   A        B        C        D        E       F      G
               +--------+--------+--------+--------+--------+-----+--------+
         Total |  35713 |  34178 |   1535 |  13448 |  12775 |  24 | 1488.0 |
       Dungeon |  23517 |  22428 |   1089 |   9042 |   8495 |  15 | 1567.8 |
        Temple |    131 |    113 |     18 |      0 |    100 |   1 |  131.0 |
          Lair |   9588 |   9282 |    306 |   3226 |   3750 |   5 | 1917.6 |
  Orcish Mines |   2395 |   2274 |    121 |   1180 |    429 |   2 | 1197.5 |
        Bailey |     80 |     80 |      0 |      0 |      0 |   1 |   80.0 |
               +--------+--------+--------+--------+--------+-----+--------+

Top non-repeatable levels by time:
  Lair:5: 3730 daAuts
     D:7: 2995 daAuts
     D:4: 2204 daAuts
    D:14: 2192 daAuts
     D:9: 2130 daAuts
   Orc:1: 2022 daAuts
     D:8: 1966 daAuts
  Lair:4: 1893 daAuts
    D:10: 1782 daAuts
     D:3: 1718 daAuts
     D:1: 1528 daAuts
  Lair:2: 1528 daAuts
     D:6: 1480 daAuts
  Lair:3: 1432 daAuts
     D:2: 1099 daAuts
